 Dungeon Crawl Stone Soup version 0.29.0-4-gdea44cf6ec (webtiles) character file.

Game seed: 256810822653366526

418 qw the Chopper (level 6, -11/37 HPs)
             Began as a Tengu Warper on Aug 28, 2022.
             Killed from afar by a steam dragon (15 damage)
             ... with a ball of steam
             ... on level 4 of the Dungeon.
             The game lasted 00:00:21 (3962 turns).

qw the Chopper (Tengu Warper)                       Turns: 3962, Time: 00:00:22

Health: -11/37     AC:  8    Str: 14    XL:     6   Next: 93%
Magic:  10/10      EV: 11    Int: 15    God:
Gold:   140        SH:  0    Dex: 13    Spells: 9/9 levels left

rFire   . . .      SeeInvis +   Y - +0 war axe
rCold   + . .      Faith    .   (no shield)
rNeg    . . .      Spirit   .   a - +1 scale mail of Ycibilev {rC+ Int+2 SInv}
rPois   +          Reflect  .   (helmet restricted)
rElec   .          Harm     .   l - +0 cloak
rCorr   .          Rampage  .   (no gloves)
Will    .....                   (boots unavailable)
Stlth   ..........              (no amulet)
HPRegen 0.12/turn               f - ring of poison resistance
MPRegen 0.12/turn               (no ring)

@: about to teleport, flying quickly and evasively, quick
A: beak, talons 3, nimble flight
a: no special abilities


You were on level 4 of the Dungeon.
You visited 1 branch of the dungeon, and saw 4 of its levels.

You collected 140 gold pieces.


Innate Abilities, Weirdness & Mutations

You have a beak for a mouth.
You have claws for feet.
Your magical nature lets you fly swiftly and evasively.


   Skills:
 - Level 3.3 Fighting
 + Level 7.2 Axes
 - Level 1.0 Throwing
 - Level 1.1 Armour
 - Level 2.1 Dodging
 - Level 2.0 Spellcasting
 - Level 2.4 Translocations


You had 9 spell levels left.
You didn't know any spells.
Your spell library contained the following spells:

 Spells                   Type           Power      Damage    Failure   Level
 Blink                    Tloc           16%        N/A       50%         2
 Gell's Gravitas          Tloc           8%         N/A       73%         3
 Lesser Beckoning         Tloc           8%         N/A       73%         3
 Teleport Other           Tloc           8%         N/A       73%         3
 Manifold Assault         Tloc           8%         N/A       100%        5

Inventory:

Hand Weapons
 i - a +0 whip
 Y - a +0 war axe (weapon)
Armour
 a - the +1 scale mail of Ycibilev (worn) {rC+ Int+2 SInv}
   (You acquired it on level 1 of the Dungeon)

   Int:       It affects your intelligence (+2).
   rC:        It protects you from cold.
   SInv:      It lets you see invisible.
 l - a +0 cloak (worn)
 o - an orb of wrath
Jewellery
 f - a ring of poison resistance (left hand)
 m - an amulet of magic regeneration
Scrolls
 b - a scroll of identify
 c - 3 scrolls of teleportation
Potions
 d - 2 potions of curing
 e - a potion of resistance
 g - a potion of heal wounds {unknown}
 h - a potion of magic {unknown}
 j - 2 potions of flight {unknown}
 k - a potion of invisibility {unknown}
 n - a potion of mutation {unknown}
 p - a potion of brilliance {unknown}

Dungeon Overview and Level Annotations

Branches:
Dungeon (4/15)
 Temple: D:4-7

Altars:
The Shining One


Message History

A steam dragon comes into view.
Found a long sword.
The steam dragon hisses angrily.
The steam dragon moves out of view.
3953 ||| Stepping ~*~*~tactically~*~*~ (hiding).
3954 ||| Stepping ~*~*~tactically~*~*~ (hiding).
You start waiting.
A steam dragon is nearby!
You closely miss the steam dragon.
You claw the steam dragon, but do no damage.
The steam dragon breathes steam at you. The ball of steam hits you!
You hear a shout!
You hear an angry hiss.
You hit the steam dragon. Your kick misses the steam dragon.
The steam dragon is lightly wounded.
You are engulfed in a cloud of scalding steam.
The steam dragon breathes steam at you. The ball of steam hits you!
You hit the steam dragon. Your kick misses the steam dragon.
Your peck misses the steam dragon.
The steam dragon is moderately wounded.
You are engulfed in a cloud of scalding steam.
The steam dragon completely misses you.
The steam dragon claws you but does no damage.
3960 ||| READING 4 scrolls of teleportation.
As you read the scroll of teleportation, it crumbles to dust.
You feel strangely unstable.
An orc comes into view. It is wielding a +0 club.
The steam dragon bites you but does no damage.
The steam dragon claws you but does no damage.
You slash the steam dragon! Your kick misses the steam dragon.
Your peck misses the steam dragon.
The steam dragon is severely wounded.
An adder comes into view.
The steam dragon bites you. The steam dragon closely misses you.
You slash the steam dragon!
The steam dragon is almost dead.
The steam dragon breathes steam at you. The ball of steam hits you!
You die...

... .. ........... ##
.###................##..
##......)..........o#...
...##..##...............
.......##..#............
...........#............
#........:....##........
..)...................S.
...........#...ยค@D#.####
..##.......##.####...#
..##.........(........#
.....##.##....#..###..#
..##.# ###...##..## .).#
..#..###.....##.... ..#
..>..##.......#..### ..
.....##..........#
................###


You could see a steam dragon (catching breath), an adder and an orc.

Vanquished Creatures
  Sigmund (D:3)
  2 scorpions (D:4)
  A jelly (D:4)
  3 adders
  A worm (D:2)
  A dart slug (D:3)
  2 orcs
  7 ball pythons
  6 bats
  4 endoplasms
  5 giant cockroaches
  10 goblins
  9 hobgoblins
  2 jackals (D:4)
  7 kobolds
  3 quokkas
  3 frilled lizards
  3 rats
70 creatures vanquished.

Vanquished Creatures (others)
  A fungus (D:1)
1 creature vanquished.

Grand Total: 71 creatures vanquished

Notes
Turn   | Place    | Note
-------+----------+-------------------------------------------
     0 | D:1      | qw the Tengu Warper began the quest for the Orb.
     0 | D:1      | Reached XP level 1. HP: 12/12 MP: 4/4
     0 | D:1      | 0 ||| qw: Version: 0.1-a-89-g26bdef1
     0 | D:1      | 0 ||| qw: Game counter: 3032
     0 | D:1      | 0 ||| qw: Always use a shield: true
     0 | D:1      | 0 ||| qw: God list: Okawaru
     0 | D:1      | 0 ||| qw: Allow faded altars: false
     0 | D:1      | 0 ||| qw: Do Orc after D:15 true
     0 | D:1      | 0 ||| qw: Do second Lair branch before Depths: true
     0 | D:1      | 0 ||| qw: Lair rune preference: random
     0 | D:1      | 0 ||| qw: Plans: Normal
     0 | D:1      | 0 ||| PLANNING D:1-11
   127 | D:1      | Reached XP level 2. HP: 17/17 MP: 6/6
   137 | D:1      | Reached skill level 3 in Axes
   666 | D:1      | 666 ||| DROPPING +0 club.
   754 | D:1      | 754 ||| READING scroll labelled WESCHECZUZAF.
   754 | D:1      | Identified a scroll of acquirement
   754 | D:1      | 754 ||| ACQUIRING +1 scale mail of Ycibilev {rC+ Int+2
                  | SInv}
   754 | D:1      | Acquired the +1 scale mail of Ycibilev {rC+ Int+2 SInv}
   756 | D:1      | 756 ||| UPGRADING to +1 scale mail of Ycibilev {rC+ Int+2
                  | SInv}.
   766 | D:1      | 766 ||| DROPPING +0 leather armour.
   767 | D:1      | 767 ||| DRINKING 2 glowing golden potions.
   768 | D:1      | 768 ||| DROPPING scroll of blinking.
   837 | D:2      | Reached XP level 3. HP: 21/21 MP: 7/7
   961 | D:2      | Reached skill level 4 in Axes
  1069 | D:2      | 1069 ||| SWAPPING to +0 war axe.
  1077 | D:2      | 1077 ||| DROPPING +0 hand axe.
  1696 | D:2      | 1696 ||| READING scroll labelled QUTEPP ABAQAF.
  1697 | D:2      | 1697 ||| READING scroll labelled QYISIMA ITISH.
  1698 | D:2      | 1698 ||| READING scroll labelled ONTEUN GAUNWA.
  1699 | D:2      | 1699 ||| READING scroll labelled JOTYRPH DOBYD.
  1704 | D:2      | 1704 ||| READING scroll labelled AJARHY ISUEMM.
  1705 | D:2      | 1705 ||| DRINKING 2 silvery potions.
  1706 | D:2      | 1706 ||| DRINKING 2 emerald potions.
  1739 | D:2      | 1739 ||| DROPPING potion of lignification.
  1760 | D:3      | 1760 ||| Stepping ~*~*~tactically~*~*~ (stealth).
  1923 | D:3      | 1923 ||| Stepping ~*~*~tactically~*~*~ (stealth).
  1973 | D:3      | Identified the +1 pair of boots "Ijiluux" {+Inv MP+9 Str-5}
  1975 | D:3      | 1975 ||| Stepping ~*~*~tactically~*~*~ (stealth).
  1982 | D:3      | 1982 ||| FLEEEEING.
  1983 | D:3      | 1983 ||| FLEEEEING.
  1985 | D:3      | 1985 ||| STAIRDANCE
  2042 | D:2      | 2042 ||| READING scroll labelled TIJINY RAST.
  2049 | D:3      | Reached XP level 4. HP: 25/26 MP: 8/8
  2069 | D:3      | 2069 ||| Stepping ~*~*~tactically~*~*~ (stealth).
  2292 | D:3      | 2292 ||| Stepping ~*~*~tactically~*~*~ (hiding).
  2618 | D:3      | Found a glowing golden altar of the Shining One.
  2661 | D:3      | Noticed Sigmund
  2662 | D:3      | 2662 ||| Stepping ~*~*~tactically~*~*~ (hiding).
  2671 | D:3      | 2671 ||| DRINKING 3 potions of curing.
  2671 | D:3      | 2671 ||| (to cure confusion)
  2673 | D:3      | Killed Sigmund
  2674 | D:3      | Reached skill level 6 in Axes
  2674 | D:3      | Gained mutation: Your magical nature lets you fly swiftly
                  | and evasively. [Tengu growth]
  2674 | D:3      | Reached XP level 5. HP: 30/30 MP: 9/9
  2674 | D:3      | Reached XP level 6. HP: 35/35 MP: 10/10
  2751 | D:3      | 2751 ||| READING 2 scrolls labelled XAOHUST QIOXISS.
  2752 | D:3      | 2752 ||| READING scroll labelled MUSUES LUENUMU.
  2753 | D:3      | 2753 ||| READING scroll labelled OSMIBAFUNLIC.
  2774 | D:4      | 2774 ||| STAIRDANCE
  2819 | D:4      | 2819 ||| FLEEEEING.
  2824 | D:4      | 2824 ||| FLEEEEING.
  2825 | D:4      | 2825 ||| FLEEEEING.
  2826 | D:4      | 2826 ||| FLEEEEING.
  2827 | D:4      | 2827 ||| FLEEEEING.
  2828 | D:4      | 2828 ||| STAIRDANCE
  2829 | D:3      | HP: 8/35 [poisoned by a kobold]
  3109 | D:4      | 3109 ||| STAIRDANCE
  3134 | D:4      | Reached skill level 7 in Axes
  3134 | D:4      | 3134 ||| STAIRDANCE
  3279 | D:4      | 3279 ||| Stepping ~*~*~tactically~*~*~ (stealth).
  3293 | D:4      | 3293 ||| Stepping ~*~*~tactically~*~*~ (stealth).
  3294 | D:4      | 3294 ||| Stepping ~*~*~tactically~*~*~ (stealth).
  3302 | D:4      | 3302 ||| FLEEEEING.
  3303 | D:4      | 3303 ||| FLEEEEING.
  3307 | D:4      | 3307 ||| FLEEEEING.
  3308 | D:4      | 3308 ||| FLEEEEING.
  3380 | D:4      | 3380 ||| FLEEEEING.
  3388 | D:4      | 3388 ||| STAIRDANCE
  3434 | D:3      | 3434 ||| UPGRADING to +0 cloak.
  3439 | D:3      | 3439 ||| UPGRADING to ring of poison resistance.
  3440 | D:3      | 3440 ||| READING scroll labelled CECODU ZUCVAJIGO.
  3597 | D:4      | Reached skill level 3 in Fighting
  3791 | D:4      | 3791 ||| Stepping ~*~*~tactically~*~*~ (stealth).
  3951 | D:4      | Noticed a steam dragon
  3953 | D:4      | 3953 ||| Stepping ~*~*~tactically~*~*~ (hiding).
  3954 | D:4      | 3954 ||| Stepping ~*~*~tactically~*~*~ (hiding).
  3959 | D:4      | HP: 5/37 [steam dragon] (7)]
  3960 | D:4      | 3960 ||| READING 4 scrolls of teleportation.
  3962 | D:4      | Killed from afar by a steam dragon

Levels and vault maps discovered:
D:1:      wander_arrival_fairy_ring, layout_basic
D:2:      layout_basic
D:3:      layout_loops_cross, tso_metal_star, uniq_sigmund
D:4:      layout_cave_pools, nrook_uturn

Skill      XL: |  1  2  3  4  5  6 |
---------------+-------------------+-----
Axes           | 3 4 6 7 |  7.2
Fighting       | 3 |  3.3
Throwing       | |  1.0
Armour         | |  1.1
Dodging        | |  2.1
Spellcasting   | |  2.0
Translocations | |  2.4

Action                   |  1- 3 |  4- 6 || total
-------------------------+-------+-------++-------
Melee: Hand axe          |    43 |       ||    43
       Peck              |     7 |    12 ||    19
       Kick              |    13 |    22 ||    35
       War axe           |    28 |    95 ||   123
Throw: Boomerang         |     7 |       ||     7
  Use: Scroll            |     7 |     5 ||    12
       Potion            |     3 |     1 ||     4
Armor: Leather armour    |     7 |       ||     7
       Scale mail        |    17 |    28 ||    45
Dodge: Dodged            |    23 |    56 ||    79

Table legend:
 A = Non-vault XP
 B = Vault XP
 C = Vault XP percentage of total XP
 D = Non-vault monster count
 E = Vault monster count
 F = Vault count percentage of total count
                 A         B        C        D         E       F
            +---------+---------+-------+---------+---------+-------
      Total |     367 |     231 |  38.6 |      69 |       1 |   1.4
            +---------+---------+-------+---------+---------+-------
        D:1 |      32 |       0 |   0.0 |      18 |       0 |   0.0
        D:2 |      35 |       0 |   0.0 |      12 |       0 |   0.0
        D:3 |      44 |     231 |  84.0 |      23 |       1 |   4.2
        D:4 |     256 |       0 |   0.0 |      16 |       0 |   0.0
            +---------+---------+-------+---------+---------+-------
